 Dungeon Crawl Stone Soup version 0.29.1-13-g9f3cf754e1 (webtiles) character file.

Game seed: 5484994122384709865

163 Thatpatchoflichen the Trooper (level 5, -2/57 HPs)
             Began as an Ogre Monk on Feb 7, 2023.
             Slain by a black bear (5 damage)
             ... on level 4 of the Dungeon.
             The game lasted 00:06:08 (4689 turns).

Thatpatchoflichen the Trooper (Ogre Monk)           Turns: 4689, Time: 00:06:08

Health: -2/57      AC:  4    Str: 17    XL:     5   Next: 44%
Magic:  5/5        EV: 10    Int: 11    God:
Gold:   229        SH:  0    Dex: 11    Spells: 4/4 levels left

rFire   . . .      SeeInvis .   a - +0 mace
rCold   . . .      Faith    .   (no shield)
rNeg    . . .      Spirit   .   b - +0 robe
rPois   .          Reflect  .   (helmet restricted)
rElec   .          Harm     .   l - +0 cloak
rCorr   .          Rampage  .   (gloves unavailable)
Will    .....                   (boots unavailable)
Stlth   ++........              i - amulet of the acrobat
HPRegen 0.19/turn               (no ring)
MPRegen 0.09/turn               (no ring)

@: studying Long Blades
A: large, unfitting armour, tough skin 1
a: no special abilities


You were on level 4 of the Dungeon.
You visited 1 branch of the dungeon, and saw 4 of its levels.

You collected 229 gold pieces.

Inventory:

Hand Weapons
 a - a +0 mace (weapon)
Missiles
 p - 4 atropa-tipped darts (quivered)
 q - 3 poisoned darts
Armour
 b - a +0 robe (worn)
 l - a +0 cloak (worn)
 v - the +1 pair of gloves "Gupnymp" {rF+ Will+ Regen+}
   (You found it on level 4 of the Dungeon)

   rF:        It protects you from fire.
   Regen:     It increases your rate of health regeneration.
   Will:      It increases your willpower.
Jewellery
 i - an amulet of the acrobat (around neck)
 r - a ring of protection from fire
Scrolls
 d - 4 scrolls of fear {unknown}
 e - 2 scrolls of summoning {unknown}
 f - 4 scrolls of identify {unknown}
 g - 3 scrolls of teleportation {unknown}
 h - 2 scrolls of enchant armour {unknown}
 k - 2 scrolls of enchant weapon {unknown}
 m - 2 scrolls of magic mapping {unknown}
 n - 2 scrolls of immolation {unknown}
 o - a scroll of amnesia {unknown}
Potions
 c - 3 potions of ambrosia
 j - a potion of resistance {unknown}
 s - 2 potions of attraction {unknown}
 t - a potion of lignification {unknown}
 u - a potion of curing {unknown}


   Skills:
 - Level 5.0 Fighting
 * Level 4.4 Maces & Flails
 + Level 3.5 Dodging
 - Level 1.4 Stealth


You had 4 spell levels left.
You didn't know any spells.
Your spell library was empty.

Dungeon Overview and Level Annotations

Branches:
Dungeon (4/15)
 Temple: D:4-7

Altars:
Gozag
Qazlal

Shops:
D:4 *


Innate Abilities, Weirdness & Mutations

You are too large for most types of armour.
You have tough skin. (AC +1)


Message History

The black bear closely misses you.
You hit the black bear.
The black bear is heavily wounded.
The black bear closely misses you. The black bear claws you.
The black bear claws you but does no damage.
You barely miss the black bear.
The black bear is heavily wounded.
The black bear closely misses you.
The black bear claws you but does no damage. x2
You hit the black bear.
The black bear is severely wounded.
The black bear bites you but does no damage.
The black bear claws you.
* * * LOW HITPOINT WARNING * * *
The black bear closely misses you.
You barely miss the black bear.
The black bear is severely wounded.
The black bear bites you.
* * * LOW HITPOINT WARNING * * *
The black bear claws you but does no damage. x2
You hit the black bear.
The black bear is severely wounded.
The black bear goes berserk!
The black bear misses you. The black bear claws you.
* * * LOW HITPOINT WARNING * * *
The black bear claws you but does no damage.
You barely miss the black bear.
The black bear is severely wounded.
The black bear barely misses you. The black bear closely misses you.
The black bear claws you.
* * * LOW HITPOINT WARNING * * *
You sock the black bear!
The black bear is almost dead.
The black bear barely misses you. The black bear claws you.
* * * LOW HITPOINT WARNING * * *
The black bear barely misses you. The black bear bites you.
* * * LOW HITPOINT WARNING * * *
The black bear claws you but does no damage.
The black bear claws you.
You die...

#.# #.# #.#
###.#### #.#
#.<....# #.#
#...##.# #.#
#.#.##.# #.#
#.#.##.# #.##
#.#.##.# .#.##
########.#.##.#
###.#
#..h@......##.#
.#..#
#.######.####.#
#.#<# #.
#......# ....#
#. #.######
....# #. #.#
....##### #.
#.# ........#
#. #.#
.....##.# ..
#.# ...#.##..
#.#


You could see a black bear (berserk).

Vanquished Creatures
  2 hounds (D:4)
  An iguana (D:4)
  Robin (D:2)
  3 worms
  A dart slug (D:2)
  An orc (D:3)
  3 endoplasms (D:1)
  4 giant cockroaches
  2 hobgoblins
  3 jackals (D:3)
  5 quokkas
  7 ball pythons
  3 bats
  2 frilled lizards
  10 goblins
  6 kobolds
  4 rats
58 creatures vanquished.

Notes
Turn   | Place    | Note
-------+----------+-------------------------------------------
     0 | D:1      | Thatpatchoflichen the Ogre Monk began the quest for the
                  | Orb.
     0 | D:1      | Reached XP level 1. HP: 24/24 MP: 1/1
   482 | D:1      | Reached XP level 2. HP: 32/32 MP: 2/2
  1623 | D:2      | Reached XP level 3. HP: 40/40 MP: 3/3
  2140 | D:2      | Found a stormy altar of Qazlal.
  2216 | D:2      | Noticed Robin
  2390 | D:2      | Killed Robin
  2808 | D:3      | Reached XP level 4. HP: 49/49 MP: 4/4
  3892 | D:4      | Found Gozag's Platinum Reserve.
  3892 | D:4      | Found an opulent altar of Gozag.
  4054 | D:4      | Identified the +1 pair of gloves "Gupnymp" {rF+ Will+
                  | Regen+}
  4143 | D:4      | Reached skill level 5 in Fighting
  4143 | D:4      | Reached XP level 5. HP: 49/57 MP: 5/5
  4648 | D:4      | Noticed a black bear
  4689 | D:4      | Slain by a black bear

Illustrated notes

Levels and vault maps discovered:
D:1:      psy_arrival_conway, layout_loops_corners, nrook_mini_backslash,
          hangedman_decor_clover_reticule, hangedman_decor_points,
          minmay_pentomino_p4
D:2:      layout_basic, basic_altar, uniq_robin
D:3:      layout_basic
D:4:      layout_loops_ring, nicolae_gozag_zags_fifth_avenue

Skill      XL: |  1  2  3  4 |
---------------+-------------+-----
Maces & Flails | 3 4 |  4.4
Dodging        | 3 |  3.5
Fighting       | 5 |  5.0
Stealth        | |  1.4

Action                   |  1- 3 |  4- 6 || total
-------------------------+-------+-------++-------
Melee: Mace              |   137 |   103 ||   240
       Punch             |       |     3 ||     3
 Stab: Sleeping          |     1 |     1 ||     2
Armor: Robe              |    48 |    41 ||    89
Dodge: Dodged            |   100 |    74 ||   174
